 Dungeon Sprint DCSS version 0.27-a0-1202-ge72e49191c (webtiles) character file.

Game seed: 7828375773127462245

927969 night the Heavyweight Champion (level 23, -4/284 HPs)
             Began as a Troll Fighter on June 1, 2021.
             Was an Initiate of Gozag.
             Killed from afar by a hellion (36 damage)
             ... with damnation
             ... led by Tohob
             ... in the Dungeon (Sprint IX: "|||||||||||||||||||||||||||||") on June 2, 2021.
             The game lasted 00:57:11 (11165 turns).

night the Heavyweight Champion (Troll Fighter)     Turns: 11165, Time: 00:57:11

Health: -4/284     AC: 50    Str: 35    XL:     23   Next: 40%
Magic:  22/22      EV: 13    Int:  6    God:    Gozag
Gold:   20335      SH: 30    Dex:  9    Spells: 22/22 levels left

rFire    + + .     SeeInvis +     - Unarmed
rCold    + + .     Faith    .   b - +2 tower shield {AC+3}
rNeg     . . .     Spirit   .   L - +9 scales of the Dragon King {rPois rF+ rC+ Will+}
rPois    +         Reflect  .   s - +2 hat "Ovumocza" {Rampage rC+}
rElec    .         Harm     .   M - +2 cloak {rCorr}
rCorr    +         Rampage  +   (gloves unavailable)
Will     ++...     Rnd*Rage +   (boots unavailable) Stlth +.........NoTele +
                                G - amulet of regeneration
HPRegen  2.57/turn              x - ring of see invisible
MPRegen  0.18/turn              H - +4 ring of protection

@: weakened, gold aura, hasted, very quick
A: large, unfitting armour, claws 3, regeneration 1, shaggy fur 1, tough skin 1,
berserk 1, fire resistance 1, sturdy frame 1
0: Orb of Zot
}: 17/17 runes: decaying, serpentine, barnacled, slimy, elven, silver, golden,
iron, obsidian, icy, bone, abyssal, glowing, magical, fiery, dark, gossamer
a: Renounce Religion, Potion Petition, Call Merchant, Bribe Branch


You were in the Dungeon.
You worshipped Gozag.
Gozag was extremely pleased with you.
You visited 1 branch You collected 57572 gold pieces.
You spent 6155 gold pieces at shops.
You paid 31082 gold pieces to Gozag.

Inventory:

Missiles
 i - 42 large rocks (quivered)
 o - a curare-tipped dart
 w - 6 throwing nets
Armour
 b - a +2 tower shield of protection (worn)
 s - the +2 hat "Ovumocza" (worn) {Rampage rC+}
   (You acquired it in the Dungeon)

   It protects you from cold.
   It bestows one free step when moving towards enemies.
 L - the +9 scales of the Dragon King (worn) {rPois rF+ rC+ Will+}
   (You bought it in a shop in the Dungeon)

   It protects you from fire.
   It protects you from cold.
   It protects you from poison.
   It increases your willpower.
 M - a +2 cloak of preservation (worn)
Jewellery
 u - the ring of Inaelluipp {rPois rF+ Str+2}
   (You found it in the Dungeon)

   [ring of protection from fire]

   It affects your strength (+2).
   It protects you from fire.
   It protects you from poison.
 x - a ring of see invisible (left claw)
 A - a ring of fire
 D - the amulet "Baohu" {RegenMP rN+ Stlth+}
   (You found it in the Dungeon)

   [amulet of magic regeneration]

   It increases your rate of magic regeneration.
   It protects you from negative energy.
   It makes you more stealthy.
 F - a ring of protection from cold
 G - an amulet of regeneration (around neck)
 H - a +4 ring of protection (right claw)
 I - a +4 ring of evasion
 J - the amulet "Dyfympit" {Acrobat +Inv rPois Int-5 Dex+2}
   (You found it in the Dungeon)

   [amulet of the acrobat]

   It increases your evasion while moving and waiting.
   It affects your intelligence (-5).
   It affects your dexterity (+2).
   It protects you from poison.
   It lets you turn invisible.
 K - the ring of Ifymeoc {Will+ AC+4 Dex+3}
   (You bought it in a shop in the Dungeon)

   [ring of protection]

   It affects your AC (+4).
   It affects your dexterity (+3).
   It increases your willpower.
 O - the ring "Tumiwiq" {rF+ rC+}
   (You found it in the Dungeon)

   [ring of protection from fire]

   It protects you from fire.
   It protects you from cold.
Wands
 p - a wand of paralysis (3)
 v - a wand of digging (15)
Scrolls
 k - 2 scrolls of amnesia
 l - 3 scrolls of fear
 q - 7 scrolls of identify
 r - 10 scrolls of enchant weapon
 t - 2 scrolls of enchant armour
 z - a scroll of holy word {unknown}
 C - 3 scrolls of fog
Potions
 a - a potion of lignification
 c - 4 potions of might
 d - 9 potions of curing
 e - 7 potions of heal wounds
 f - 6 potions of haste
 g - 9 potions of magic
 h - 4 potions of berserk rage
 j - a potion of invisibility
 B - 2 potions of resistance
 E - 2 potions of brilliance


   Skills:
 O Level 27 Fighting
 O Level 27 Throwing
 O Level 27 Armour
 O Level 27 Dodging
 + Level 23.3 Stealth
 O Level 27 Shields
 O Level 27 Unarmed Combat
 O Level 27 Evocations


You had 22 spell levels left.
You didn't know any spells.
Your spell library contained the following spells:

 Spells                   Type           Power      Damage    Failure   Level
 Freeze                   Ice            0%         1d3       86%         1
 Poisonous Vapours        Pois/Air       0%         N/A       94%         2
 Mephitic Cloud           Conj/Pois/Air  0%         N/A       99%         3
 Ozocubu's Armour         Ice            0%         N/A       99%         3
 Metabolic Englaciation   Hex/Ice        0%         N/A       100%        5
 Freezing Cloud           Conj/Ice/Air   0%         6-21      100%        6


Dungeon Overview and Level Annotations

Branches:
Dungeon (1/1)

Altars:
Cheibriados
Dithmenos
Elyvilon
Fedhas
Gozag
Hepliaklqana
Kikubaaqudgha
Makhleb
Nemelex Xobeh
Okawaru
Qazlal
Ru
Sif Muna
Trog
Uskayaw
Vehumet
Wu Jian
Xom
Yredelemnul
Zin
The Shining One
Beogh
Jiyva
Lugonu

Shops:
D !**:(?[[=[=


Innate Abilities, Weirdness & Mutations

You are too large for most types of armour.
You have claws for hands.
Your natural rate of healing is unusually fast.
You are covered in fur. (AC +1)
You have tough skin. (AC +1)
You tend to lose your temper in combat.
Your flesh is heat resistant. (rF+)
Your movements are slightly less encumbered by armour. (ER -2)


Message History

Tohob is lightly wounded.
Tohob hits you!!
Space warps horribly around you!! [a] - 260 gold - heal wounds and berserk rage [b] - 390 gold - heal wounds and haste [c] - 464 gold - heal wounds, curing and magic Purchase which effect?
You feel much better.
You feel yourself speed up. You block Tohob's attack.
You scratch Tohob.
Tohob is lightly wounded.
You block Tohob's attack.
The tormentor calls on the powers of darkness!
Your body is wracked with pain!
You miss Tohob.
Tohob is lightly wounded.
Tohob becomes distracted by the nearby gold, dreaming of imaginary riches.
You miss Tohob.
Tohob is no longer distracted by gold.
Tohob roars, "I shall devour thy skull!"
Tohob is lightly wounded.
You miss Tohob.
Tohob is lightly wounded.
Tohob hits you!!
* * * LOW HITPOINT WARNING * * *
Space warps horribly around you!
* * * LOW HITPOINT WARNING * * *
The Brimstone Fiend calls on the powers of darkness!
Your body is wracked with pain!
* * * LOW HITPOINT WARNING * * *
You closely miss Tohob.
Tohob is lightly wounded.
You block Tohob's attack.
The hellion becomes distracted by the nearby gold, dreaming of imaginary riches.
You see here 36 gold pieces.
You see here 171 gold pieces.
Tohob becomes distracted by the nearby gold, dreaming of imaginary riches.
Tohob is no longer distracted by gold.
The hellion is no longer distracted by gold.
The hellion gestures at you.
The sphere of damnation explodes!
The damnation engulfs you!!!
You die...
Your body crumbles into a pile of gold.

▓▓▓▓▓▓▓▓▓▓▓▓▓▓▓▓▓▓▓▓▓▓▓▓▓▓▓▓▓▓▓▓▓
.)........)'}')...).......)......
▓▓▓▓▓▓▓▓▓▓▓▓▓▓▓▓▓▓▓▓▓▓▓▓▓▓▓▓▓▓▓▓▓
....[............................
▓▓▓▓▓▓▓▓▓▓▓▓▓▓▓▓▓▓▓▓▓▓▓▓▓▓▓▓▓▓▓▓▓
.......'.......$.'.........'.....
▓▓▓▓▓▓▓▓▓▓▓▓▓▓▓▓▓▓▓▓▓▓▓▓▓▓▓▓▓▓▓▓▓
.......122.[$$&.@................
▓▓▓▓▓▓▓▓▓▓▓▓▓▓▓▓▓▓▓▓▓▓▓▓▓▓▓▓▓▓♣♣♣
..............'.).))))..).)))'.))
▓▓▓▓▓▓▓▓▓▓▓▓▓▓▓▓▓▓▓▓▓▓▓▓▓▓▓▓▓▓♣♣♣
.................................
▓▓▓▓▓▓▓▓▓▓▓▓▓▓▓▓▓▓▓▓▓▓▓▓▓▓▓▓▓▓▓▓▓
......'.....))....)..'.'.'.'.....
▓▓▓▓▓▓▓▓▓▓▓▓▓▓▓▓▓▓▓▓▓▓▓▓▓▓▓▓▓▓▓▓▓
.................................


You could see Tohob and a hellion.

Vanquished Creatures
  Cerebov (D)
  Asmodeus (D)
  Antaeus (D)
  the Royal Jelly (D)
  Gloorx Vloq (D)
  Ereshkigal (D)
  Lom Lobon (D)
  Mnoleg (D)
  A seraph (D)
  3 pandemonium lords (D)
  Dispater (D)
  Mennas (D)
  6 ancient liches (D)
  4 orbs of fire (D)
  Sojobo (D)
  3 royal mummies (D)
  2 Killer Klowns (D)
  Margery (D)
  Frederick (D)
  Xtahua (D)
  Geryon (D)
  4 golden dragons (D)
  A bone dragon (D)
  4 Brimstone Fiends (D)
  3 electric golems (D)
  A Tzitzimitl (D)
  2 hellephants (D)
  3 Ice Fiends (D)
  3 tentacled monstrosities (D)
  3 Hell Sentinels (D)
  30 Orb Guardians (D)
  3 liches (D)
  A titan (D)
  A deep elf blademaster (D)
  2 deep elf master archers (D)
  13 sphinxes (D)
  11 acid blobs (D)
  4 death cobs (D)
  3 tengu reavers (D)
  2 storm dragons (D)
  9 shadow dragons (D)
  Ilsuiw (D)
  Donald (D)
  3 azure jellies (D)
  2 draconian monks (D)
  5 nagarajas (D)
  6 rockslimes (D)
  A frost giant (D)
  3 deep elf sorcerers (D)
  3 ghost moths (D)
  2 fire giants (D)
  A draconian knight (D)
  4 vault wardens (D)
  A warmonger (D)
  Aizul (D)
  Louise (D)
  A cacodemon (D)
  2 draconian shifters (D)
  2 angels (D)
  A draconian stormcaller (D)
  6 emperor scorpions (D)
  2 reapers (D)
  2 ironbound preservers (D)
  3 draconian annihilators (D)
  2 quicksilver oozes (D)
  10 stone giants (D)
  A blood saint (D)
  A deep elf demonologist (D)
  2 green draconians (D)
  A lorocyproca (D)
  6 vampire knights (D)
  Azrael (D)
  A bunyip (D)
  2 red draconians (D)
  4 black draconians (D)
  A deep elf annihilator (D)
  4 yellow draconians (D)
  3 spark wasps (D)
  5 white draconians (D)
  A purple draconian (D)
  2 merfolk javelineers (D)
  7 deep elf death magi (D)
  7 mummy priests (D)
  2 ettins (D)
  3 green deaths (D)
  3 great orbs of eyes (D)
  7 fire dragons (D)
  4 yaktaur captains (D)
  4 merfolk impalers (D)
  2 deep elf high priests (D)
  2 rakshasas (D)
  Harold (D)
  9 hydras (D)
  2 monstrous demonspawn (D)
  25 vault guards (D)
  A spriggan air mage (D)
  2 naga warriors (D)
  An ogre mage (D)
  2 ice dragons (D)
  2 ghost crabs (D)
  2 ironbound frosthearts (D)
  A two-headed ogre (D)
  Erica (D)
  3 centaur warriors (D)
  3 merfolk aquamancers (D)
  3 merfolk avatars (D)
  2 deep troll shamans (D)
  3 tengu warriors (D)
  An alligator (D)
  A satyr (D)
  2 deep troll earth magi (D)
  A vampire mage (D)
  3 orc high priests (D)
  A spriggan berserker (D)
  2 hell knights (D)
  Nergalle (D)
  A sixfirhy (D)
  A large abomination (D)
  2 cherubim (D)
  A gelid demonspawn (D)
  A spriggan druid (D)
  A flayed ghost (D)
  A glowing orange brain (D)
  A naga ritualist (D)
  2 necromancers (D)
  6 swamp dragons (D)
  2 wizards (D)
  2 harpies (D)
  An infernal demonspawn (D)
  2 ironbound convokers (D)
  3 wolf spiders (D)
  4 orc knights (D)
  2 cyclopes (D)
  A manticore (D)
  A will-o-the-wisp (D)
  2 ugly things (D)
  7 moths of wrath (D)
  2 worldbinders (D)
  A water nymph (D)
  6 black mambas (D)
  2 rust devils (D)
  2 vault sentinels (D)
  6 naga magi (D)
  A torpor snail (D)
  4 smoke demons (D)
  Psyche (D)
  5 cane toads (D)
  2 komodo dragons (D)
  2 orange demons (D)
  A yaktaur (D)
  5 demonic crawlers (D)
  An efreet (D)
  3 hellwings (D)
  An ice devil (D)
  18 guardian mummies (D)
  A red devil (D)
  A troll (D)
  3 merfolk (D)
  An ancient zyme (D)
  A meliai (D)
  2 blink frogs (D)
  A wandering mushroom (D)
  A tyrant leech (D)
  2 hornets (D)
  A jumping spider (D)
  3 slime creatures (D)
  A redback (shapeshifter) (D)
  A wraith (D)
  3 redbacks (D)
  11 spriggans (D)
  Eustachio (D)
  A wyvern (D)
  3 fire elementals (D)
  2 yaks (D)
  A golden eye (D)
  2 vampire mosquitoes (D)
  2 nagas (D)
  2 acid dragons (D)
  3 water moccasins (D)
  3 hell hounds (D)
  10 orc warriors (D)
  2 black bears (D)
  2 swamp drakes (D)
  A necrophage (D)
  An ogre (D)
  A small abomination (D)
  A boggart (D)
  A kobold brigand (D)
  5 bullfrogs (D)
  An earth elemental (D)
  A hound (D)
  4 orc priests (D)
  An iron imp (D)
  4 orc wizards (D)
  A gnoll (D)
  A white imp (D)
  An adder zombie (D)
  15 orcs (D)
  A goblin (D)
  A hobgoblin (D)
  A kobold (D)
  A quokka (D)
  A ball python (D)
  12 ball lightnings (D)
  A lurking horror (D)
585 creatures vanquished.

Vanquished Creatures (others)
  A fenstrider witch (D)
  An ironbound convoker (D)
  A will-o-the-wisp (D)
  A bloated husk (D)
  21 ball lightnings (D)
25 creatures vanquished.

Grand Total: 610 creatures vanquished

Notes
Turn   | Place    | Note
-------+----------+-------------------------------------------
     0 | D        | night the Troll Fighter began the quest for the Orb.
     0 | D        | Reached XP level 1. HP: 22/22 MP: 0/0
    18 | D        | Noticed an ogre
    18 | D        | Noticed a necrophage
    18 | D        | Noticed a hound
    28 | D        | Killed a hound
    29 | D        | Reached skill level 5 in Unarmed Combat
    29 | D        | Reached XP level 2. HP: 16/29 MP: 1/1
    29 | D        | Reached XP level 3. HP: 20/36 MP: 2/2
    40 | D        | Killed a necrophage
    41 | D        | Reached skill level 5 in Shields
    41 | D        | Reached XP level 4. HP: 35/44 MP: 3/3
    47 | D        | Killed an ogre
    48 | D        | Reached XP level 5. HP: 43/50 MP: 4/4
    69 | D        | Found a snail-covered altar of Cheibriados.
    69 | D        | Found a shadowy altar of Dithmenos.
    69 | D        | Found a white marble altar of Elyvilon.
    69 | D        | Found a blossoming altar of Fedhas.
    69 | D        | Found an opulent altar of Gozag.
    70 | D        | Found a hazy altar of Hepliaklqana.
    71 | D        | Found a viscous altar of Jiyva.
    72 | D        | Found an ancient bone altar of Kikubaaqudgha.
    73 | D        | Found a corrupted altar of Lugonu.
    74 | D        | Found a burning altar of Makhleb.
    75 | D        | Found a sparkling altar of Nemelex Xobeh.
    76 | D        | Found an iron altar of Okawaru.
    77 | D        | Became a worshipper of Gozag Ym Sagoz the Greedy
    78 | D        | Found a stormy altar of Qazlal.
    79 | D        | Found a sacrificial altar of Ru.
    80 | D        | Found a shimmering blue altar of Sif Muna.
    81 | D        | Found a bloodstained altar of Trog.
    82 | D        | Found a hide-covered altar of Uskayaw.
    83 | D        | Found a radiant altar of Vehumet.
    84 | D        | Found an ornate altar of the Wu Jian Council.
    85 | D        | Found a shimmering altar of Xom.
    86 | D        | Found a basalt altar of Yredelemnul.
    87 | D        | Found a glowing silver altar of Zin.
    88 | D        | Found a glowing golden altar of the Shining One.
   114 | D        | Noticed an acid dragon
   114 | D        | Noticed a two-headed ogre
   114 | D        | Noticed a yak
   114 | D        | Noticed a troll
   122 | D        | Killed a troll
   123 | D        | Reached skill level 2 in Evocations
   123 | D        | Reached XP level 6. HP: 22/62 MP: 5/5
   174 | D        | Killed a yak
   175 | D        | Reached XP level 7. HP: 61/71 MP: 6/6
   178 | D        | HP: 9/71 [two-headed ogre/+0 giant club (16)]
   179 | D        | Killed a two-headed ogre
   180 | D        | Reached skill level 5 in Fighting
   180 | D        | Reached skill level 12 in Unarmed Combat
   180 | D        | Reached XP level 8. HP: 11/83 MP: 7/7
   185 | D        | Reached skill level 5 in Evocations
   265 | D        | Noticed a five-headed hydra
   265 | D        | Noticed an efreet
   265 | D        | Noticed a slime creature
   265 | D        | Noticed a centaur warrior
   277 | D        | Killed a centaur warrior
   278 | D        | Reached XP level 9. HP: 76/92 MP: 8/8
   283 | D        | Reached skill level 14 in Unarmed Combat
   284 | D        | Killed a five-headed hydra
   285 | D        | Killed an efreet
   423 | D        | Noticed a cane toad
   423 | D        | Noticed a six-headed hydra
   423 | D        | Noticed a six-headed hydra
   423 | D        | Noticed a cane toad
   440 | D        | Killed a nine-headed hydra
   441 | D        | Reached skill level 16 in Unarmed Combat
   441 | D        | Reached XP level 10. HP: 52/106 MP: 9/9
   442 | D        | Killed a seven-headed hydra
   446 | D        | Killed a cane toad
   449 | D        | Killed a cane toad
   514 | D        | Noticed a cane toad
   514 | D        | Noticed a seven-headed hydra
   533 | D        | Killed a 12-headed hydra
   534 | D        | Reached skill level 10 in Fighting
   544 | D        | Killed a cane toad
   549 | D        | Reached XP level 11. HP: 43/118 MP: 10/10
   635 | D        | Reached skill level 18 in Unarmed Combat
   731 | D        | Noticed Erica
   738 | D        | Killed Erica
   866 | D        | Noticed an orc knight
   878 | D        | Killed an orc knight
   883 | D        | Reached skill level 10 in Evocations
   943 | D        | Found Adeniaps's Antique Weapon Boutique.
   943 | D        | Noticed an orc knight
   943 | D        | Noticed an orc high priest
   945 | D        | Noticed an orc high priest
   950 | D        | Noticed a soul eater
   953 | D        | Killed an orc high priest
   957 | D        | Found Hoar's Book Shop.
   962 | D        | Killed an orc knight
   964 | D        | Noticed an orc high priest
   965 | D        | Found Extutt's General Store.
   972 | D        | Killed an orc high priest
   973 | D        | Noticed an orc knight
   975 | D        | Found Ifobbokh's Distillery.
   975 | D        | Noticed an orc knight
   977 | D        | Killed an orc high priest
   986 | D        | Killed an orc knight
   992 | D        | Killed an orc knight
  1071 | D        | Bought a +2 hat for 176 gold pieces
  1079 | D        | Bought a potion of berserk rage for 55 gold pieces
  1079 | D        | Bought a potion of lignification for 33 gold pieces
  1079 | D        | Bought a potion of might for 44 gold pieces
  1079 | D        | Bought a potion of might for 44 gold pieces
  1109 | D        | Noticed Eustachio
  1115 | D        | Killed Eustachio
  1131 | D        | Noticed Psyche
  1137 | D        | Killed Psyche
  1144 | D        | Noticed Harold
  1150 | D        | Killed Harold
  1151 | D        | Reached skill level 12 in Fighting
  1151 | D        | Reached skill level 20 in Unarmed Combat
  1151 | D        | Reached XP level 12. HP: 132/132 MP: 11/11
  1209 | D        | Found the +9 staff of Wucad Mu {*channel}
  1246 | D        | Noticed a centaur warrior
  1251 | D        | Noticed an ogre mage
  1252 | D        | Noticed a centaur warrior
  1262 | D        | Noticed a tengu warrior
  1263 | D        | Noticed an ettin
  1266 | D        | Killed a centaur warrior
  1266 | D        | Noticed an ice dragon
  1269 | D        | Noticed a fire giant
  1271 | D        | Noticed a great orb of eyes
  1271 | D        | an ice dragon changed into a great orb of eyes
  1272 | D        | Noticed an eight-headed hydra
  1272 | D        | a great orb of eyes changed into an eight-headed hydra
  1274 | D        | Killed an ogre mage
  1276 | D        | Noticed a tengu warrior
  1278 | D        | Noticed a rakshasa
  1279 | D        | Noticed a boulder beetle
  1279 | D        | an eight-headed hydra changed into a boulder beetle
  1280 | D        | Noticed a bunyip
  1280 | D        | a boulder beetle changed into a bunyip
  1281 | D        | Noticed an ice dragon
  1281 | D        | a bunyip changed into an ice dragon
  1354 | D        | Killed a centaur warrior
  1405 | D        | Killed a tengu warrior
  1428 | D        | Killed an ettin
  1496 | D        | Killed a tengu warrior
  1538 | D        | HP: 14/133 [fire giant/+2 great sword of flaming (9)]
  1540 | D        | Killed a fire giant
  1546 | D        | Killed a rakshasa
  1547 | D        | Reached skill level 12 in Evocations
  1666 | D        | Noticed a rakshasa
  1674 | D        | Killed a rakshasa
  1745 | D        | Noticed Aizul
  1758 | D        | Killed Aizul
  1760 | D        | HP: 20/136 [poisoned by Aizul (bolt of poison)]
  1765 | D        | HP: 8/136 [poisoned by Aizul (bolt of poison)]
  1770 | D        | HP: 9/136 [poisoned by Aizul (bolt of poison)]
  1883 | D        | Noticed Nergalle
  1889 | D        | Killed Nergalle
  1919 | D        | Noticed a merfolk impaler
  1919 | D        | Noticed a satyr
  1929 | D        | Reached XP level 13. HP: 122/145 MP: 12/12
  1936 | D        | HP: 21/145 [poisoned by a merfolk impaler]
  1937 | D        | HP: 6/145 [merfolk impaler/+0 demon trident of venom (10)]
  1941 | D        | Killed a merfolk impaler
  2188 | D        | Noticed a bunyip
  2188 | D        | Noticed a fenstrider witch
  2196 | D        | HP: 18/145 [??? (16)]
  2198 | D        | HP: 7/145 [poison]
  2199 | D        | Killed a fenstrider witch
  2200 | D        | Reached skill level 14 in Fighting
  2211 | D        | HP: 14/146 [ghost crab] (8)]
  2217 | D        | HP: 18/146 [ghost crab] (5)]
  2231 | D        | Killed a bunyip
  2394 | D        | HP: 21/148 [naga ritualist/Olgreb's Toxic Radiance (3)]
  2399 | D        | HP: 20/148 [poisoned by a naga ritualist (toxic radiance)]
  2583 | D        | Killed a ghost moth
  2764 | D        | Noticed a stone giant
  2764 | D        | Noticed a fire dragon
  2773 | D        | Killed a fire dragon
  2774 | D        | Reached skill level 24 in Unarmed Combat
  2778 | D        | Noticed a spark wasp
  2793 | D        | Killed a stone giant
  2794 | D        | Noticed a vampire knight
  2797 | D        | Noticed a stone giant
  2800 | D        | Reached skill level 14 in Evocations
  2805 | D        | HP: 10/150 [spark wasp (14)]
  2808 | D        | Noticed a stone giant
  2812 | D        | Killed a spark wasp
  2813 | D        | Reached XP level 14. HP: 43/159 MP: 13/13
  2817 | D        | Paralysed by a vampire knight for 4 turns
  2820 | D        | HP: 17/159 [spriggan air mage/the air (20)]
  2821 | D        | HP: 6/159 [vampire knight/+2 long sword (12)]
  2823 | D        | HP: 2/159 [vampire knight/+2 long sword (5)]
  2833 | D        | HP: 16/159 [vampire knight/vampiric draining (12)]
  2833 | D        | HP: 2/159 [stone giant/large rock (14)]
  2835 | D        | Killed a vampire knight
  2938 | D        | Killed a stone giant
  2953 | D        | Killed a stone giant
  3104 | D        | Noticed a stone giant
  3121 | D        | Reached skill level 16 in Fighting
  3125 | D        | Killed a stone giant
  3190 | D        | Noticed a vault warden
  3192 | D        | Noticed a vault warden
  3209 | D        | Killed a vault warden
  3213 | D        | HP: 22/162 [poisoned by a vault warden]
  3214 | D        | Killed a vault warden
  3225 | D        | Noticed a vault warden
  3233 | D        | HP: 12/244 [ironbound frostheart/frost (37)]
  3245 | D        | Reached skill level 26 in Unarmed Combat
  3253 | D        | Killed a vault warden
  3554 | D        | Gained mutation: You tend to lose your temper in combat.
                  | [potion of mutation]
  3554 | D        | Gained mutation: Your movements are slightly less
                  | encumbered by armour. (ER -2) [potion of mutation]
  3609 | D        | Noticed Frederick
  3624 | D        | Killed Frederick
  3625 | D        | Reached skill level 2 in Armour
  3705 | D        | Noticed Ilsuiw
  3738 | D        | Killed Ilsuiw
  3739 | D        | Reached skill level 10 in Shields
  3747 | D        | Reached skill level 27 in Unarmed Combat
  3822 | D        | Reached skill level 5 in Armour
  3822 | D        | Reached XP level 15. HP: 111/174 MP: 14/14
  3962 | D        | Got a barnacled rune of Zot
  4019 | D        | Reached skill level 18 in Fighting
  4031 | D        | Reached skill level 12 in Shields
  4033 | D        | Killed a ghost moth
  4046 | D        | Noticed a nagaraja
  4046 | D        | Noticed a nagaraja
  4047 | D        | Noticed a nagaraja
  4049 | D        | Killed a nagaraja
  4056 | D        | Noticed a nagaraja
  4061 | D        | Killed a nagaraja
  4071 | D        | Noticed a nagaraja
  4077 | D        | Killed a nagaraja
  4083 | D        | Reached skill level 10 in Armour
  4087 | D        | Killed a nagaraja
  4093 | D        | Killed a nagaraja
  4109 | D        | Got a serpentine rune of Zot
  4130 | D        | Got a gossamer rune of Zot
  4210 | D        | Reached skill level 14 in Shields
  4225 | D        | Got a decaying rune of Zot
  4253 | D        | Noticed Donald
  4265 | D        | Killed Donald
  4321 | D        | Noticed Azrael
  4335 | D        | Killed Azrael
  4336 | D        | Reached skill level 12 in Armour
  4433 | D        | Reached XP level 16. HP: 149/192 MP: 15/15
  4437 | D        | Reached skill level 20 in Fighting
  4509 | D        | Reached skill level 16 in Shields
  4515 | D        | Reached skill level 14 in Armour
  4606 | D        | Noticed a golden dragon
  4618 | D        | Noticed a tengu reaver
  4637 | D        | Killed a golden dragon
  4650 | D        | Killed a tengu reaver
  4651 | D        | Noticed a shadow dragon
  4656 | D        | Noticed a shadow dragon
  4664 | D        | Killed a shadow dragon
  4669 | D        | Killed a shadow dragon
  4685 | D        | Reached skill level 16 in Armour
  4685 | D        | HP: 29/198 [flayed ghost (16)]
  4689 | D        | Upgraded the game from 0.27-a0-1200-g94dc6ad4cf to
                  | 0.27-a0-1202-ge72e49191c
  5705 | D        | Bought the ring of Ifymeoc {Will+ AC+4 Dex+3} for 658 gold
                  | pieces
  6664 | D        | Bought the +9 scales of the Dragon King {rPois rF+ rC+
                  | Will+} for 4118 gold pieces
  6664 | D        | Found the +9 scales of the Dragon King {rPois rF+ rC+
                  | Will+}
  6664 | D        | Bought an embroidered cloak for 247 gold pieces
  6694 | D        | Bought a scroll of acquirement for 780 gold pieces
  6694 | D        | Acquired the +2 hat "Ovumocza" {Rampage rC+}
  6730 | D        | Noticed a shadow dragon
  6730 | D        | Noticed a shadow dragon
  6731 | D        | Noticed an ancient lich
  6737 | D        | Killed a shadow dragon
  6738 | D        | Noticed a shadow dragon
  6744 | D        | Reached skill level 18 in Shields
  6744 | D        | Noticed a titan
  6750 | D        | Killed an ancient lich
  6762 | D        | Killed a shadow dragon
  6769 | D        | Killed a shadow dragon
  6773 | D        | Killed a titan
  6774 | D        | Reached XP level 17. HP: 210/210 MP: 16/16
  6776 | D        | Identified the Disquisition on the Cankerous Frostbite
  6781 | D        | Got a silver rune of Zot
  6832 | D        | Noticed Xtahua
  6842 | D        | Killed Xtahua
  6859 | D        | Noticed Margery
  6872 | D        | Killed Margery
  6875 | D        | Noticed Mennas
  6907 | D        | Killed Mennas
  6908 | D        | Reached skill level 5 in Throwing
  6908 | D        | Reached skill level 18 in Armour
  6908 | D        | Reached skill level 5 in Dodging
  6954 | D        | Got the ring of Inaelluipp {rPois rF+ Str+2}
  6956 | D        | Got the amulet "Baohu" {RegenMP rN+ Stlth+}
  6958 | D        | Got the amulet "Dyfympit" {Acrobat +Inv rPois Int-5 Dex+2}
  6960 | D        | Got the ring "Pogy" {MP+9 Dex+3}
  6962 | D        | Got the ring "Tumiwiq" {rF+ rC+}
  7032 | D        | Noticed Sojobo
  7043 | D        | Reached skill level 16 in Evocations
  7057 | D        | Killed Sojobo
  7117 | D        | Noticed Louise
  7121 | D        | Killed Louise
  7214 | D        | Noticed a bone dragon
  7228 | D        | Killed a bone dragon
  7245 | D        | Reached skill level 10 in Throwing
  7267 | D        | Reached skill level 10 in Dodging
  7271 | D        | Reached skill level 24 in Fighting
  7311 | D        | Noticed a golden dragon
  7327 | D        | Killed a golden dragon
  7335 | D        | Reached XP level 18. HP: 226/226 MP: 17/17
  7361 | D        | Noticed a tentacled monstrosity
  7373 | D        | Killed a tentacled monstrosity
  7374 | D        | Reached skill level 12 in Throwing
  7378 | D        | Reached skill level 20 in Armour
  7396 | D        | Reached skill level 18 in Evocations
  7400 | D        | Reached skill level 12 in Dodging
  7402 | D        | Noticed a Killer Klown
  7415 | D        | Killed a Killer Klown
  7452 | D        | Noticed a golden dragon
  7455 | D        | Noticed a tentacled monstrosity
  7462 | D        | Killed a golden dragon
  7463 | D        | Reached skill level 14 in Throwing
  7479 | D        | Killed a tentacled monstrosity
  7670 | D        | Noticed an Orb Guardian
  7670 | D        | Noticed an Orb Guardian
  7670 | D        | Noticed an Orb Guardian
  7670 | D        | Noticed an Orb Guardian
  7670 | D        | Noticed an Orb Guardian
  7670 | D        | Noticed an Orb Guardian
  7672 | D        | Killed an Orb Guardian
  7673 | D        | Reached skill level 14 in Dodging
  7679 | D        | Killed an Orb Guardian
  7680 | D        | Noticed an Orb Guardian
  7683 | D        | Killed an Orb Guardian
  7684 | D        | Noticed an Orb Guardian
  7685 | D        | Noticed an Orb Guardian
  7690 | D        | Killed an Orb Guardian
  7695 | D        | Killed an Orb Guardian
  7696 | D        | Noticed an Orb Guardian
  7700 | D        | Killed an Orb Guardian
  7703 | D        | Killed an Orb Guardian
  7705 | D        | Killed an Orb Guardian
  7709 | D        | Killed an Orb Guardian
  7710 | D        | Reached skill level 16 in Throwing
  7714 | D        | Killed an Orb Guardian
  7742 | D        | Noticed a tentacled monstrosity
  7742 | D        | Noticed an Orb Guardian
  7742 | D        | Noticed an Orb Guardian
  7747 | D        | Noticed an Orb Guardian
  7755 | D        | Killed an Orb Guardian
  7756 | D        | Noticed an Orb Guardian
  7758 | D        | Killed a tentacled monstrosity
  7759 | D        | Reached XP level 19. HP: 241/241 MP: 18/18
  7765 | D        | Reached skill level 26 in Fighting
  7772 | D        | Reached skill level 20 in Evocations
  7776 | D        | Reached skill level 16 in Dodging
  7817 | D        | Noticed an ancient lich
  7819 | D        | Killed an ancient lich
  7823 | D        | Noticed an orb of fire
  7833 | D        | Killed an orb of fire
  7837 | D        | Noticed an electric golem
  7841 | D        | Killed an electric golem
  7845 | D        | Noticed a golden dragon
  7845 | D        | Noticed an orb of fire
  7845 | D        | Noticed an electric golem
  7846 | D        | Noticed an ancient lich
  7850 | D        | Gained mutation: Your flesh is heat resistant. (rF+) [an
                  | orb of fire]
  7851 | D        | Killed an orb of fire
  7852 | D        | Reached skill level 18 in Throwing
  7859 | D        | Killed an electric golem
  7860 | D        | Noticed a Killer Klown
  7863 | D        | Noticed an orb of fire
  7870 | D        | Killed a golden dragon
  7873 | D        | Killed an ancient lich
  7874 | D        | Noticed an orb of fire
  7875 | D        | Noticed an electric golem
  7888 | D        | Killed an orb of fire
  7889 | D        | Reached skill level 27 in Fighting
  7889 | D        | Reached skill level 18 in Dodging
  7893 | D        | Killed a Killer Klown
  7907 | D        | Killed an orb of fire
  7908 | D        | Reached skill level 20 in Throwing
  7914 | D        | Reached skill level 24 in Armour
  7919 | D        | Killed an electric golem
  8022 | D        | Reached XP level 20. HP: 238/256 MP: 19/19
  8053 | D        | Reached skill level 20 in Dodging
  8242 | D        | Got the Orb of Zot
  8324 | D        | Noticed an ancient lich
  8324 | D        | Noticed an ancient lich
  8335 | D        | Noticed an ancient lich
  8352 | D        | Killed an ancient lich
  8357 | D        | Killed an ancient lich
  8368 | D        | Killed an ancient lich
  8450 | D        | Reached skill level 26 in Armour
  8500 | D        | Reached skill level 24 in Evocations
  8552 | D        | Noticed the Royal Jelly
  8555 | D        | Reached skill level 24 in Throwing
  8574 | D        | Reached XP level 21. HP: 241/265 MP: 20/20
  8586 | D        | Got an elven rune of Zot
  8646 | D        | Killed the Royal Jelly
  8647 | D        | Reached skill level 27 in Armour
  8759 | D        | Got a slimy rune of Zot
  8889 | D        | Reached skill level 24 in Dodging
  8984 | D        | Paralysed by a sphinx for 4 turns
  8996 | D        | Reached skill level 26 in Throwing
  9001 | D        | Reached skill level 26 in Evocations
  9209 | D        | HP: 39/265 [??? (37)]
  9285 | D        | Reached skill level 27 in Throwing
  9569 | D        | Noticed a royal mummy
  9569 | D        | Noticed a royal mummy
  9569 | D        | Noticed a royal mummy
  9574 | D        | Killed a royal mummy
  9575 | D        | Reached skill level 26 in Dodging
  9575 | D        | Reached skill level 27 in Evocations
  9637 | D        | Killed a royal mummy
  9657 | D        | Killed a royal mummy
  9658 | D        | Reached skill level 27 in Dodging
  9672 | D        | HP: 32/265 [something (11)]
  9673 | D        | Reached skill level 20 in Shields
  9812 | D        | Got a golden rune of Zot
  9894 | D        | Got an abyssal rune of Zot
 10079 | D        | Reached XP level 22. HP: 275/275 MP: 21/21
 10170 | D        | Noticed Cazav the pandemonium lord
 10189 | D        | Killed Cazav the pandemonium lord
 10190 | D        | Reached skill level 24 in Shields
 10358 | D        | Noticed Geryon
 10367 | D        | Killed Geryon
 10372 | D        | Found the +4 staff of Dispater
 10372 | D        | Noticed Dispater
 10372 | D        | Noticed Antaeus
 10378 | D        | Noticed Ereshkigal
 10388 | D        | Killed Antaeus
 10389 | D        | Reached skill level 27 in Shields
 10405 | D        | Killed Dispater
 10408 | D        | Noticed Gloorx Vloq
 10431 | D        | Killed Ereshkigal
 10446 | D        | Killed Gloorx Vloq
 10465 | D        | Got an icy rune of Zot
 10517 | D        | Got an iron rune of Zot
 10520 | D        | Found the +6 sword of Cerebov {flame}
 10520 | D        | Noticed Cerebov
 10521 | D        | Noticed Lom Lobon
 10534 | D        | Found the +7 sceptre of Asmodeus
 10534 | D        | Noticed Asmodeus
 10541 | D        | Noticed Mnoleg
 10543 | D        | Killed Cerebov
 10589 | D        | Killed Asmodeus
 10615 | D        | Paralysed by a floating eye for 2 turns
 10630 | D        | Paralysed by a floating eye for 2 turns
 10639 | D        | Paralysed by a floating eye for 3 turns
 10658 | D        | Killed Mnoleg
 10659 | D        | Reached skill level 18 in Stealth
 10682 | D        | Killed Lom Lobon
 10683 | D        | Reached XP level 23. HP: 97/284 MP: 22/22
 10712 | D        | Got a fiery rune of Zot
 10718 | D        | Got a dark rune of Zot
 10724 | D        | Got a bone rune of Zot
 10756 | D        | Got a magical rune of Zot
 10760 | D        | Got an obsidian rune of Zot
 10764 | D        | Got a glowing rune of Zot
 10921 | D        | Noticed a seraph
 10923 | D        | Noticed Weleem the pandemonium lord
 10943 | D        | Killed a seraph
 10944 | D        | Reached skill level 20 in Stealth
 10956 | D        | Killed Weleem the pandemonium lord
 11127 | D        | Noticed Leax the pandemonium lord
 11144 | D        | Killed Leax the pandemonium lord
 11145 | D        | Noticed Tohob the pandemonium lord
 11159 | D        | HP: 23/284 [???[Tohob] (21)]
 11165 | D        | Killed from afar by a hellion

Illustrated notes

Levels and vault maps discovered:
D:        linesprint [early_d, line_temple, items_1, d_10, items_2, lair_1,
          lair_end, items_3, orc_1, orc_end, items_4, d_15, swamp_1, shoals_1,
          snake_1, spider_1, d_20, vaults_1, items_5, swamp_end, shoals_end,
          snake_end, spider_end, vaults_end, d_27, items_6, zot_1, zot_end,
          crypt_end, forest_end, elf_end, slime_end, tomb_end, abyss_end,
          pan_hell_end]

Skill      XL: |  1  2  3  4  5  6  7  8  9 10 11 12 13 14 15 16 17 18 19 20 21 22 23 |
---------------+----------------------------------------------------------------------+-----
Unarmed Combat | 5 8 9 11 12 13 16 17 20 22 24 27 | 27.0
Shields        | 3 5 6 7 8 9 10 14 18 19 22 27 | 27.0
Fighting       | 4 5 6 8 10 12 13 15 17 19 22 24 25 27 | 27.0
Evocations     | 2 3 4 5 7 9 10 12 14 15 17 19 22 24 27 | 27.0
Armour         | 5 12 17 19 22 24 26 27 | 27.0
Throwing       | 11 16 20 24 27 | 27.0
Dodging        | 11 15 19 22 27 | 27.0
Stealth        | 19 23 | 23.3

Action                   |  1- 3 |  4- 6 |  7- 9 | 10-12 | 13-15 | 16-18 | 19-21 | 22-24 || total
-------------------------+-------+-------+-------+-------+-------+-------+-------+-------++-------
Melee: Unarmed           |    25 |    29 |    25 |   268 |   528 |   584 |   641 |   399 ||  2499
Throw: Dart              |       |       |     1 |       |       |       |       |       ||     1
       Large rock        |       |       |       |       |     1 |       |     9 |    21 ||    31
Invok: Potion Petition   |       |       |     1 |     2 |    21 |     1 |     8 |    19 ||    52
       Call Merchant     |       |       |       |     3 |     1 |     3 |       |       ||     7
Evoke: Wand              |       |       |    10 |     1 |     1 |       |       |       ||    12
  Use: Scroll            |       |       |     3 |       |     2 |     1 |     2 |     1 ||     9
       Potion            |       |       |     2 |     1 |    15 |       |     1 |     3 ||    22
 Stab: Distracted        |       |       |     2 |     2 |     2 |     5 |    10 |     1 ||    22
       Invisible         |       |       |       |       |    10 |     1 |       |     1 ||    12
Armor: Robe              |     3 |     2 |     8 |    27 |       |       |       |       ||    40
       Ice dragon scales |       |       |       |     6 |   137 |    36 |       |       ||   179
       Skin              |       |       |       |       |     5 |       |     6 |    54 ||    65
       Gold dragon scale |       |       |       |       |       |    90 |    99 |    65 ||   254
Dodge: Dodged            |     6 |     9 |    15 |    40 |    86 |    50 |    39 |    22 ||   267
Block: Kite shield       |     9 |    23 |    12 |    72 |   171 |    57 |       |       ||   344
       Reflection        |       |       |       |       |       |     1 |       |       ||     1
       Tower shield      |       |       |       |       |       |   117 |   185 |   182 ||   484

Table legend: (Time is in decaauts)
 A = Elapsed time spent in this place.
 B = Non-inter-level travel time spent in this place.
 C = Inter-level travel time spent in this place.
 D = Time resting spent in this place.
 E = Time spent auto-exploring this place.
 F = Levels seen in this place.
 G = Mean time per level.
                   A        B        C        D        E       F      G
               +--------+--------+--------+--------+--------+-----+--------+
         Total |   9838 |   7575 |   2263 |   1213 |   1947 |   1 | 9838.0 |
       Dungeon |   9838 |   7575 |   2263 |   1213 |   1947 |   1 | 9838.0 |
               +--------+--------+--------+--------+--------+-----+--------+

Top non-repeatable levels by time:
       D: 9838 daAuts
